 Dungeon Crawl Stone Soup version 0.25-a0-503-ge281fa673e (webtiles) character file.

Game seed: 4856737294280098891, levelgen mode: classic

24 EnegeticOcto the Covered (level 2, 0/27 HPs)
             Began as a Deep Dwarf Fighter on Feb 13, 2020.
             Slain by a gnoll
             ... wielding a +0 halberd
              (7 damage)
             ... on level 2 of the Dungeon.
             The game lasted 00:00:13 (219 turns).

EnegeticOcto the Covered (Deep Dwarf Fighter)        Turns: 219, Time: 00:00:14

Health: 0/27       AC:  6    Str: 19    XL:     2   Next: 79%
Magic:  2/2        EV:  7    Int:  8    God:
Gold:   21         SH:  9    Dex: 12    Spells: 1/1 levels left

rFire    . . .     SeeInvis .   a - +0 war axe
rCold    . . .     Gourm    .   c - +0 kite shield
rNeg     . . .     Faith    .   b - +0 scale mail
rPois    .         Spirit   .   (no helmet)
rElec    .         Reflect  .   (no cloak)
rCorr    .         Harm     .   (no gloves)
MR       .....                  (no boots)
Stlth    ..........             (no amulet)
HPRegen  0.00/turn              (no ring)
MPRegen  0.08/turn              (no ring)

@: non-regenerating
A: damage resistance, heal wounds, sense surroundings 1, no regeneration
a: Heal Wounds


You were on level 2 of the Dungeon.
You were not hungry.

You visited 1 branch of the dungeon, and saw 2 of its levels.

You collected 21 gold pieces.

Inventory:

Hand Weapons
 a - a +0 war axe (weapon)
Armour
 b - a +0 scale mail (worn)
 c - a +0 kite shield (worn)
Scrolls
 g - a scroll of remove curse {unknown}
Potions
 d - a potion of might {@q3}
Comestibles
 e - a ration
 f - 11 chunks of flesh


   Skills:
 + Level 2.9 Fighting
 * Level 2.7 Axes
 + Level 3.5 Armour
 + Level 0.7 Dodging
 + Level 3.5 Shields


You had one spell level left.
You didn't know any spells.
Your spell library was empty.

Dungeon Overview and Level Annotations

Branches:
Dungeon (2/15)

Altars:


Innate Abilities, Weirdness & Mutations

You are resistant to damage.
You can heal yourself by infusing magical energy.
You passively map a small area around you.
You do not regenerate.


Message History

The dart slug is severely wounded.
You slash the kobold!
You kill the kobold!
The dart slug bites you but does no damage.
You completely miss the dart slug.
The dart slug is severely wounded.
You block the dart slug's attack.
You slash the dart slug!
You kill the dart slug!
No target in view!
No target in view!
No target in view!
No target in view!
No target in view!
No target in view!
No target in view!
No target in view!
No target in view!
(D) Dungeon
Where to? (? - help)
There is an open door here.
There is a stone staircase leading down here.
You climb downwards.
A ball python and 2 goblins come into view.
The ball python hisses angrily.
The goblin shouts!
Found 11 gold pieces and a scroll labeled SOUSET KYG HOI.
There is a stone staircase leading up here.
There are monsters nearby!
There are monsters nearby!
You closely miss the goblin.
The ball python enters a dispersal trap!
The goblin blinks! x3; You blink.
The ball python blinks!
The goblin unwields a +0 club.
The goblin wields a +0 hunting sling.
The goblin shoots a stone.
The stone hits you. The goblin barely misses you.
You hit the goblin.
The goblin is heavily wounded.
The goblin closely misses you.
You slash the goblin!
You kill the goblin!
The goblin shoots a stone.
You block the stone.
The goblin unwields a +0 hunting sling.
The goblin wields a +0 club.
The goblin hits you but does no damage.
You barely miss the goblin. You block the goblin's attack.
You closely miss the goblin. You hit the ball python.
You block the ball python's attack. The ball python barely misses you.
The goblin hits you but does no damage.
The ball python bites you but does no damage.
The ball python barely misses you. The goblin hits you with a +0 club.
You barely miss the ball python.
The ball python is severely wounded.
Your scale mail prevents you from hitting the goblin.
The ball python barely misses you. The ball python grabs you.
The ball python constricts you. You block the goblin's attack.
You block the ball python's attack. The ball python constricts you.
You hit the ball python.
You kill the ball python!
You closely miss the goblin. The goblin hits you but does no damage.
You slash the goblin!
You kill the goblin!
No target in view!
No target in view!
No target in view!
No target in view!
No target in view!
No target in view!
No target in view!
Things that are here:
a +0 club; a +0 hunting sling; 9 stones You now have 21 gold pieces (gained 11).
g - a scroll labeled SOUSET KYG HOI
Found a stone staircase leading down.
No target in view!
No target in view!
No target in view!
No target in view!
No target in view!
No target in view!
No target in view!
No target in view!
No target in view! 2 gnolls come into view.
The gnoll shouts! x2
A gnoll comes into view. It is wielding a +0 halberd.
The gnoll moves out of view.
The gnoll shouts!
A giant cockroach comes into view.
You closely miss the gnoll. The gnoll hits you but does no damage.
The gnoll closely misses you. You block the gnoll's attack.
Your shield and scale mail prevent you from hitting the gnoll.
The gnoll hits you from afar with a +0 halberd.
You block the gnoll's attack. x2
The gnoll hits you from afar with a +0 halberd.
The gnoll hits you with a +0 flail. The gnoll closely misses you.
You slash the gnoll!
The gnoll is severely wounded.
The gnoll hits you from afar with a +0 halberd!
* * * LOW HITPOINT WARNING * * *
You block the gnoll's attack.
The gnoll hits you from afar with a +0 halberd!
You die...

, #.# #####.# * ***
#...#.########## , ,
, #...#..........# ,
#...##########.# *
*###...# #.# *#.....#
#.# *
,.##.....##########.#
.....sg@...........#
###....#############
#..gg #.... #....
#....* , ##### , *


You could see 3 gnolls and a giant cockroach.

Vanquished Creatures
  A dart slug (D:1)
  A ball python (D:2)
  5 goblins
  3 hobgoblins (D:1)
  4 jackals (D:1)
  A frilled lizard (D:1)
  2 kobolds (D:1)
  2 rats (D:1)
19 creatures vanquished.

Notes
Turn   | Place    | Note
-------+----------+-------------------------------------------
     0 | D:1      | EnegeticOcto the Deep Dwarf Fighter began the quest for the
                  | Orb.
     0 | D:1      | Reached XP level 1. HP: 20/20 MP: 1/1
    58 | D:1      | Reached XP level 2. HP: 24/27 MP: 2/2
   219 | D:2      | Slain by a gnoll

Levels and vault maps discovered:
D:1:      minmay_arrival_shattered_statue, layout_basic, serial_park_tiny_1,
          nemelex_xobeh_ov_fountains_minmay
D:2:      layout_basic, cheibriados_altar_1, uniq_natasha, uniq_robin

Action                   || total
-------------------------++-------
Melee: War axe           ||    48
Armor: Scale mail        ||    17
Dodge: Dodged            ||    26
Block: Kite shield       ||    36

Table legend:
 A = Non-vault XP
 B = Vault XP
 C = Vault XP percentage of total XP
 D = Non-vault monster count
 E = Vault monster count
 F = Vault count percentage of total count
                 A         B        C        D         E       F
            +---------+---------+-------+---------+---------+-------
      Total |      35 |       0 |   0.0 |      19 |       0 |   0.0
            +---------+---------+-------+---------+---------+-------
        D:1 |      29 |       0 |   0.0 |      16 |       0 |   0.0
        D:2 |       6 |       0 |   0.0 |       3 |       0 |   0.0
            +---------+---------+-------+---------+---------+-------
